 Dungeon Crawl Stone Soup version 0.24.0-1-gfbc8707122 (webtiles) character file.

Game seed: 2463808757475519121, levelgen mode: deterministic

226 Arum the Ruffian (level 5, 0/46 HPs)
             Began as a Draconian Gladiator on Oct 28, 2019.
             Succumbed to a worker ant's poison
             ... on level 4 of the Dungeon.
             The game lasted 00:03:31 (2307 turns).

Arum the Ruffian (Draconian Gladiator)              Turns: 2307, Time: 00:03:32

Health: 0/46       AC:  6    Str: 21    XL:     5   Next: 69%
Magic:  5/5        EV: 14    Int: 14    God:
Gold:   44         SH:  0    Dex: 13    Spells: 4/4 levels left

rFire    + . .     SeeInvis .     - Unarmed
rCold    + . .     Gourm    .   (no shield)
rNeg     . . .     Faith    .   (armour unavailable)
rPois    +         Spirit   .   a - +1 hat
rElec    +         Reflect  .   (no cloak)
rCorr    +         Harm     .   (no gloves)
MR       .....                  (no boots)
Stlth    +.........             (no amulet)
HPRegen  0.15/turn              (no ring)
MPRegen  0.09/turn              (no ring)

@: mighty, brilliant, lethally poisoned (0 -> -2), resistant, flying
A: unfitting armour, cold-blooded, AC +5
a: no special abilities


You were on level 4 of the Dungeon.
You were hungry.

You visited 1 branch of the dungeon, and saw 3 of its levels.

You collected 44 gold pieces.

Inventory:

Missiles
 b - 3 throwing nets (quivered)
 e - 4 boomerangs
 m - 10 poisoned darts
Armour
 a - a +1 hat (worn)
Wands
 d - a wand of random effects (5)
Scrolls
 h - a scroll of enchant weapon
 j - a scroll of remove curse
Comestibles
 c - 5 rations
 g - 7 chunks of flesh


   Skills:
 + Level 4.2 Fighting
 - Level 1.7 Throwing
 + Level 4.0 Dodging
 + Level 4.4 Unarmed Combat


You had 4 spell levels left.
You didn't know any spells.
Your spell library was empty.

Dungeon Overview and Level Annotations

Branches:
Dungeon (2/15)

Altars:
Uskayaw


Innate Abilities, Weirdness & Mutations

Your plain brown scales are hard. (AC +5)
You cannot fit into any form of body armour.
You are cold-blooded and may be slowed by cold attacks.


Message History

It was a potion of brilliance.
You feel clever all of a sudden.
* * * LOW HITPOINT WARNING * * *
You feel sick. The worker ant bites you.
* * * LOW HITPOINT WARNING * * *
The worker ant barely misses you.
It was a potion of flight.
You feel very buoyant.
You fly up into the air.
The worker ant closely misses you.
* * * LOW HITPOINT WARNING * * *
You feel sick.
Unknown command.
Unknown command.
Unknown command.
Unknown command.
You punch the worker ant!
You kill the worker ant!
Your Dodging skill increases to level 4!
Unknown command.
You die...

............#
.#########..#
.##.....##..#
........##..#
.##......#..#
.##.....##..#######
.##'######........#
........##..##....#
........##..##..@.+
##########..#####'#
#..#............
####....<.......
...............
...............
...............
.........######
.........+


There were no monsters in sight!

Vanquished Creatures
  A hound (D:4)
  2 orc wizards (D:4)
  A worker ant (D:4)
  An iguana (D:2)
  3 adders
  A worm (D:4)
  2 dart slugs
  2 leopard geckos
  6 orcs (D:4)
  3 ball pythons
  5 giant cockroaches
  A hobgoblin (D:2)
  5 bats
  4 frilled lizards
  6 goblins
  6 kobolds (D:1)
  6 rats
55 creatures vanquished.

Notes
Turn   | Place    | Note
-------+----------+-------------------------------------------
     0 | D:1      | Arum the Draconian Gladiator began the quest for the Orb.
     0 | D:1      | Reached XP level 1. HP: 17/17 MP: 1/1
   289 | D:1      | Reached XP level 2. HP: 20/25 MP: 2/2
   675 | D:1      | Reached XP level 3. HP: 30/30 MP: 3/3
  1489 | D:2      | Noticed a +0 hand axe
  1491 | D:2      | Noticed a +0 dagger
  1494 | D:2      | Found a hide-covered altar of Uskayaw.
  1530 | D:2      | Reached XP level 4. HP: 38/38 MP: 4/4
  1993 | D:2      | You fall into a shaft and drop 2 floors!
  2211 | D:4      | Reached XP level 5. HP: 24/46 MP: 5/5
  2302 | D:4      | HP: 2/46 [poisoned by a worker ant]
  2307 | D:4      | Succumbed to a worker ant's poison

Levels and vault maps discovered:
D:1:      shiori_arrival_elements, layout_loops_corners, serial_glass,
          glass_columns_b, glass_columns_b, glass_columns_a
D:2:      layout_loops_corners, dancing_weapons_uskayaw
D:4:      layout_gridville, enter_ossuary_5, nicolae_ru_the_path_less_chosen,
          uniq_sigmund

Skill      XL: |  1  2  3  4  5 |
---------------+----------------+-----
Dodging        | 3 4 |  4.0
Fighting       | 3 4 |  4.2
Unarmed Combat | 4 |  4.4
Throwing       | |  1.7

Action                   |  1- 3 |  4- 6 || total
-------------------------+-------+-------++-------
Melee: Unarmed           |   120 |    74 ||   194
       Tailslap          |    13 |     9 ||    22
       Punch             |     1 |       ||     1
Evoke: Wand              |       |    12 ||    12
  Use: Potion            |     1 |     4 ||     5
       Scroll            |       |     5 ||     5
 Stab: Sleeping          |     2 |       ||     2
       Distracted        |     1 |       ||     1
       Paralysed         |       |     3 ||     3
  Eat: Chunk             |     2 |     2 ||     4
Armor: Skin              |    45 |    16 ||    61
Dodge: Dodged            |    85 |    49 ||   134
